 Dungeon Crawl Stone Soup version 0.24.0-37-gcf1ca852f1 (webtiles) character file.

Game seed: 4865739982286940445, levelgen mode: deterministic

7832 Delamore the Severer (level 11, -2/93 HPs)
             Began as a Hill Orc Fighter on Nov 28, 2019.
             Was a High Priest of Okawaru.
             Slain by a 12-headed hydra (6 damage)
             ... on level 10 of the Dungeon.
             The game lasted 00:19:02 (9028 turns).

Delamore the Severer (Hill Orc Fighter)             Turns: 9028, Time: 00:19:03

Health: -2/93      AC: 18    Str: 23    XL:     11   Next: 21%
Magic:  0/16       EV: 10    Int:  8    God:    Okawaru [*****.]
Gold:   242        SH: 10    Dex: 10    Spells: 10/10 levels left

rFire    . . .     SeeInvis .   F - +1 hand axe (freeze)
rCold    . . .     Gourm    .   T - +0 buckler {AC+3}
rNeg     . . .     Faith    .   z - +4 moon troll leather armour {Spirit, Regen++ MP+5}
rPois    .         Spirit   +   (no helmet)
rElec    .         Reflect  +   Q - +0 cloak
rCorr    +         Harm     .   x - +2 pair of gloves
MR       .....                  A - +1 pair of boots
Stlth    +.........             n - +6 amulet of reflection
HPRegen  1.05/turn              i - ring of wizardry
MPRegen  0.15/turn              P - ring of resist corrosion (curse)

@: hasted, very quick
A: no striking features
a: Heroism, Finesse, Renounce Religion


You were on level 10 of the Dungeon.
You worshipped Okawaru.
Okawaru was extremely pleased with you.
You were not hungry.

You visited 2 branches of the dungeon, and saw 11 of its levels.
You also visited: Ossuary.

You collected 486 gold pieces.
You spent 244 gold pieces at shops.

Inventory:

Hand Weapons
 a - a +0 war axe
 F - a +1 hand axe of freezing (weapon)
 O - a cursed +0 battleaxe of draining
Missiles
 j - 4 atropa-tipped darts (quivered)
 q - 6 curare-tipped darts
 D - a throwing net
Armour
 c - a +0 shield
 s - a +2 chain mail of poison resistance
 x - a +2 pair of gloves (worn)
 z - the +4 moon troll leather armour (worn) {Spirit, Regen++ MP+5}
   (You found it on level 5 of the Dungeon)

   It affects your magic capacity (+5).
   It increases your rate of regeneration.
 A - a +1 pair of boots (worn)
 Q - a +0 cloak (worn)
 T - a +0 buckler of protection (worn)
Jewellery
 i - a ring of wizardry (left hand)
 n - a +6 amulet of reflection (around neck)
 H - an uncursed amulet of regeneration
 L - an uncursed amulet of guardian spirit
 P - a cursed ring of resist corrosion (right hand)
Wands
 h - a wand of random effects (9)
Scrolls
 e - 3 scrolls of amnesia
 l - 4 scrolls of fog
 m - a scroll of fear
 p - 6 scrolls of teleportation
 r - 6 scrolls of remove curse
 w - 4 scrolls of immolation
 y - 4 scrolls of enchant weapon
 J - a scroll of acquirement
 K - 3 scrolls of magic mapping
 R - a scroll of noise
 V - a scroll of vulnerability {unknown}
 W - a scroll of identify
Potions
 b - a potion of cancellation {unknown}
 d - a potion of might
 g - 3 potions of flight
 k - 6 potions of degeneration
 o - 3 potions of agility {unknown}
 t - a potion of haste
 u - a potion of magic {unknown}
 B - a potion of ambrosia {unknown}
 C - 2 potions of mutation {unknown}
 E - a potion of berserk rage {unknown}
 G - a potion of curing {unknown}
 I - 3 potions of heal wounds {unknown}
 M - a potion of brilliance {unknown}
 N - a potion of lignification {unknown}
 S - a potion of invisibility {unknown}
Miscellaneous
 U - a box of beasts
Comestibles
 f - 15 rations


   Skills:
 + Level 7.7 Fighting
 + Level 19.0 Axes
 - Level 3.2 Armour
 - Level 3.2 Shields


You had 10 spell levels left.
You didn't know any spells.
Your spell library contained the following spells:

 Spells                   Type           Power        Failure   Level  Hunger
 Freeze                   Ice            #...         22%         1    ##.....
 Shroud of Golubria       Chrm/Tloc      #.....       32%         2    ###....
 Song of Slaying          Chrm           #.......     32%         2    ###....
 Throw Frost              Conj/Ice       #.....       32%         2    ###....
 Ozocubu's Armour         Chrm/Ice       #.......     52%         3    ####...
 Regeneration             Chrm/Necr      #.........   52%         3    ####...
 Summon Ice Beast         Ice/Summ       #.......     89%         4    #####..
 Throw Icicle             Conj/Ice       #.......     89%         4    #####..
 Iskenderun's Battlesphe  Conj/Chrm      #.......     99%         5    ######.
 Deflect Missiles         Chrm/Air       #.........   100%        6    #######


Dungeon Overview and Level Annotations

Branches:
Dungeon (10/15)            Temple (1/1) D:4             Orc (0/2) D:10
Ossuary (visited)
   Lair: D:8-11

Altars:
Ashenzari
Cheibriados
Dithmenos
Elyvilon
Fedhas
Gozag
Hepliaklqana
Kikubaaqudgha
Makhleb
Nemelex Xobeh
Okawaru
Qazlal
Ru
Sif Muna
Trog
Uskayaw
Vehumet
Wu Jian
Xom
Yredelemnul
Zin
The Shining One

Shops:
D:4 %}:[   D:7 *   D:9 %:}*%


Message History

The 12-headed hydra barely misses you.
The 12-headed hydra bites you but does no damage.
The 12-headed hydra closely misses you. The 12-headed hydra bites you!
You block the 12-headed hydra's attack. You block the 12-headed hydra's attack.
The 12-headed hydra bites you. The 12-headed hydra bites you! x2
* * * LOW HITPOINT WARNING * * *
The 12-headed hydra closely misses you. x2; The 12-headed hydra bites you!
* * * LOW HITPOINT WARNING * * *
The 12-headed hydra closely misses you. You block the 12-headed hydra's attack.
The 12-headed hydra bites you.
* * * LOW HITPOINT WARNING * * *
The 12-headed hydra bites you but does no damage.
The 12-headed hydra completely misses you.
You feel yourself speed up. You block the 12-headed hydra's attack.
The 12-headed hydra bites you!
* * * LOW HITPOINT WARNING * * *
The 12-headed hydra bites you but does no damage.
The 12-headed hydra bites you. x2
You die...

#####.####.#......###.
#.# #........†... #.#
#####.####### #.# #.#
#.# #.# #.###########
#.##PP≈P.+).#
##.##P≈≈≈≈#.%###
##.@.#≈)≈≈P##'#.##
##...D#..)..#.(#..###
#......≈....'..#..'..
##....#...P.'..#..###
##.###≈....'.%#.## #.*
#.....#.%### #.*
########## #.* *+* #.*
*****,**


You could see a 12-headed hydra.

Vanquished Creatures
  Harold (D:8)
  A two-headed ogre (D:8)
  A troll (D:10)
  2 dream sheep (D:10)
  A hippogriff (D:10)
  A yak (D:10)
  2 water moccasins
  3 orc warriors
  2 black bears
  3 ice beasts
  A phantom (D:6)
  A necrophage (D:5)
  4 ogres
  3 centaurs
  4 big kobolds
  3 bullfrogs
  2 elf zombies
  A wyvern zombie (D:7)
  2 elf skeletons (D:7)
  A water moccasin zombie (D:5)
  5 scorpions
  5 wights (D:7)
  8 killer bees
  A howler monkey (D:7)
  4 crimson imps
  A centaur zombie (D:5)
  A hound (D:5)
  4 human zombies
  10 orc priests
  4 bullfrog skeletons
  3 jellies (D:10)
  4 iguanas
  A human skeleton (D:7)
  16 orc wizards
  11 worker ants
  A big kobold zombie (Ossuary)
  4 mummies (Ossuary)
  2 hound skeletons (D:6)
  4 gnolls
  16 adders
  2 shadow imps (D:6)
  3 oozes
  2 adder zombies
  2 worms
  3 dart slugs
  5 leopard geckos
  38 orcs
  3 ball pythons
  7 bats
  6 giant cockroaches
  2 gnoll zombies (Ossuary)
  8 goblins
  8 hobgoblins
  6 jackals
  3 quokkas
  4 frilled lizards
  A goblin zombie (Ossuary)
  A hobgoblin zombie (Ossuary)
  A jackal skeleton (D:6)
  A jackal zombie (Ossuary)
  20 kobolds
  An orc skeleton (D:7)
  3 quokka skeletons
  9 rats
  A rat zombie (Ossuary)
  A spectral orc (D:8)
  A plant (D:10)
286 creatures vanquished.

Vanquished Creatures (others)
  A wizard (D:5)
  2 centaurs
  A hound (D:6)
  A giant cockroach (D:6)
  A goblin (D:3)
6 creatures vanquished.

Grand Total: 292 creatures vanquished

Notes
Turn   | Place    | Note
-------+----------+-------------------------------------------
     0 | D:1      | Delamore the Hill Orc Fighter began the quest for the Orb.
     0 | D:1      | Reached XP level 1. HP: 19/19 MP: 1/1
    10 | D:1      | Reached skill level 3 in Axes
    53 | D:1      | Reached XP level 2. HP: 21/26 MP: 2/2
    59 | D:1      | Reached skill level 4 in Axes
   230 | D:1      | Reached XP level 3. HP: 28/31 MP: 3/3
   360 | D:1      | Reached skill level 5 in Axes
   858 | D:2      | Reached XP level 4. HP: 39/39 MP: 4/4
   917 | D:2      | Reached skill level 6 in Axes
  1556 | D:3      | Reached XP level 5. HP: 45/45 MP: 5/5
  1660 | D:3      | Reached skill level 7 in Axes
  1732 | D:3      | Reached skill level 8 in Axes
  1732 | D:3      | Reached XP level 6. HP: 18/51 MP: 6/6
  2976 | D:4      | Found a staircase to the Ecumenical Temple.
  3084 | Temple   | Entered the Ecumenical Temple
  3289 | Temple   | Became a worshipper of Warmaster Okawaru
  3401 | D:4      | Reached skill level 9 in Axes
  3532 | D:4      | Reached XP level 7. HP: 24/57 MP: 7/7
  3752 | D:4      | Found Ixoosh's Gadget Emporium.
  3754 | D:4      | Found Isuaseguts's Antique Armour Emporium.
  3755 | D:4      | Found Voghats's Food Emporium.
  3756 | D:4      | Found Roesox's Book Emporium.
  3763 | D:4      | Reached skill level 10 in Axes
  3797 | D:4      | Bought a pair of glowing boots for 157 gold pieces
  4090 | D:5      | Entered Level 5 of the Dungeon
  4094 | D:5      | Reached * piety under Okawaru
  4270 | D:5      | Reached skill level 11 in Axes
  4549 | D:5      | Found the +4 moon troll leather armour {Spirit, Regen++
                  | MP+5}
  4586 | D:5      | Reached XP level 8. HP: 59/64 MP: 2/8
  4590 | D:5      | Reached ** piety under Okawaru
  4607 | D:5      | Reached skill level 12 in Axes
  4828 | D:5      | Found a bloodstained altar of Trog.
  4899 | D:5      | Noticed a wizard
  4901 | D:5      | Killed a wizard
  4929 | D:6      | Found a shimmering altar of Xom.
  5028 | D:6      | Reached skill level 13 in Axes
  5210 | D:6      | Reached skill level 14 in Axes
  5210 | D:6      | Reached XP level 9. HP: 70/70 MP: 9/9
  5373 | D:6      | Identified the Almanac of Talismans
  5456 | D:6      | Reached *** piety under Okawaru
  5819 | D:7      | Found Toepa's Blasphemy Boutique.
  5824 | D:7      | Found an ancient bone altar of Kikubaaqudgha.
  5890 | D:7      | Reached skill level 15 in Axes
  6115 | D:7      | Found a sand-covered staircase.
  6132 | Ossuary  | Entered an ossuary
  6147 | Ossuary  | Reached skill level 16 in Axes
  6425 | D:7      | Reached **** piety under Okawaru
  6605 | D:7      | Reached XP level 10. HP: 78/78 MP: 10/10
  7012 | D:8      | Noticed Harold
  7031 | D:7      | Reached skill level 17 in Axes
  7079 | D:8      | Killed Harold
  7079 | D:8      | Reached ***** piety under Okawaru
  7199 | D:8      | Reached skill level 5 in Fighting
  7363 | D:8      | Found a basalt altar of Yredelemnul.
  7417 | D:8      | Noticed a two-headed ogre
  7434 | D:8      | Killed a two-headed ogre
  7434 | D:8      | Reached skill level 18 in Axes
  7557 | D:9      | Found Diozih's Food Boutique.
  7665 | D:9      | Found Roroyzeu's Gadget Emporium.
  7689 | D:9      | Found a shimmering blue altar of Sif Muna.
  7773 | D:9      | Found Qitar's Food Emporium.
  7795 | D:9      | Found Quhung's Assorted Antiques.
  7811 | D:9      | Bought an emerald potion for 29 gold pieces
  7811 | D:9      | Bought an amethyst potion for 29 gold pieces
  7811 | D:9      | Bought an emerald potion for 29 gold pieces
  7849 | D:9      | Found Quda's Book Emporium.
  8334 | D:10     | Entered Level 10 of the Dungeon
  8388 | D:10     | Identified a scroll of acquirement
  8437 | D:9      | Received a gift from Okawaru
  8472 | D:10     | Reached XP level 11. HP: 37/91 MP: 7/11
  8954 | D:10     | Reached skill level 19 in Axes
  8987 | D:10     | Noticed a two-headed hydra
  9028 | D:10     | HP: 4/93 [12-headed hydra (8)]
  9028 | D:10     | Slain by a 12-headed hydra

Levels and vault maps discovered:
D:1:      psy_arrival_terrarium, layout_loops_corners
D:2:      minmay_chambers_of_twos, layout_rooms
D:3:      layout_loops_corners, first_ration
D:4:      layout_loops_ring, minmay_temple_entry_purple_smoke,
          minmay_shop_grid_forest
D:5:      layout_basic, trog_wizard
D:6:      layout_loops_ring, minivault_26, xom_confusion_cloud
D:7:      layout_loops_ring, nicolae_ossuary_entry_catacombs, nicolae_evil_shop
D:8:      layout_rooms, yredelemnul_forgotten_temple_becter, uniq_harold
D:9:      kennysheep_orc_sif_temple, layout_long_grid, serial_shops, shop,
          kennysheep_little_box, shop, shop, shop
D:10:     layout_loops_corners, david_orc_3, hangedman_ranch
          [blue_anna_fruit_fields]
Temple:   minmay_crystal_snake_temple

Skill      XL: |  1  2  3  4  5  6  7  8  9 10 11 |
---------------+----------------------------------+-----
Axes           | 3 4 5 6 8 9 11 14 16 18 19 | 19.0
Fighting       | 4 6 7 |  7.7
Armour         | |  3.2
Shields        | |  3.2

Action                   |  1- 3 |  4- 6 |  7- 9 | 10-12 || total
-------------------------+-------+-------+-------+-------++-------
Melee: War axe           |   103 |    94 |       |       ||   197
       Hand axe          |       |   136 |   522 |   371 ||  1029
Throw: Dart              |       |       |       |     4 ||     4
Evoke: Box of beasts     |       |       |       |     2 ||     2
  Use: Scroll            |       |       |     9 |     5 ||    14
       Potion            |       |       |       |     1 ||     1
  Eat: Chunk             |       |     9 |    10 |     8 ||    27
Armor: Scale mail        |    63 |    52 |    15 |       ||   130
       Troll leather arm |       |       |    89 |   140 ||   229
Dodge: Dodged            |    28 |    43 |    80 |    91 ||   242
Block: Shield            |    68 |   150 |   208 |   158 ||   584
       Reflection        |       |     3 |     5 |     6 ||    14
       Buckler           |       |       |    16 |    61 ||    77
